 Dungeon Crawl Stone Soup version 0.15.0-14-g6bbbb5c (console) character file.

13 gw the Skirmisher (level 2, -1/26 HPs)
             Began as a Centaur Abyssal Knight on Sept 4, 2014.
             Was a Follower of Lugonu.
             Slain by a giant gecko (5 damage)
             ... on Level 1 of the Dungeon.
             The game lasted 00:00:25 (547 turns).

gw the Skirmisher (Centaur Abyssal Knight)           Turns: 547, Time: 00:00:25

HP  -1/26        AC  4     Str 14      XL: 2   Next: 24%
MP   2/2         EV  9     Int 11      God: Lugonu [*.....]
Gold 0           SH  0     Dex  8      Spells:  0 memorised,  1 level left

rFire  . . .     SeeInvis .     a - +1 spear
rCold  . . .     Clarity  .     b - +0 leather armour
rNeg   . . .     rCorr    .     (no shield)
rPois  .         rRot     .     (no helmet)
rElec  .         Spirit   .     (no cloak)
SustAb .         Warding  .     (no gloves)
rMut   .         Stasis   .     (no barding)
Gourm  .                        (no amulet)
MR     .....                    (no ring)
                                (no ring)

@: very quick, not resistant to hostile enchantments, extremely unstealthy
A: hooves 3, deformed body, speed 2, tough skin 3
a: Depart the Abyss, Renounce Religion


You were on level 1 of the Dungeon.
You worshipped Lugonu.
Lugonu was aware of your devotion.
You were not hungry.

You visited 1 branch of the dungeon, and saw 1 of its levels.
You visited the Abyss 1 time.

Inventory:

Hand weapons
 a - a +1 spear (weapon)
Armour
 b - a +0 leather armour (worn)
Comestibles
 c - a bread ration
 d - a meat ration
 h - a beef jerky
 i - a slice of pizza
Scrolls
 f - a scroll of teleportation {unknown}
 g - a scroll of remove curse {unknown}


   Skills:
 + Level 3.1 Fighting
 + Level 1.9 Polearms
 * Level 1.3 Throwing
 + Level 1.5 Armour
 - Level 0.6 Dodging
 + Level 2.1 Invocations


You had one spell level left.
You didn't know any spells.

Dungeon Overview and Level Annotations

Branches:
Dungeon (1/15)

Altars:


Innate Abilities, Weirdness & Mutations

You have hooves in place of feet.
Armour fits poorly on your strangely shaped body.
You cover ground very quickly.
You have extremely tough skin (AC +3).


Message History

Lugonu accepts your kill. The giant newt closely misses you.
The giant gecko barely misses you.
KIIIITING; ATTACKING (-1,1)
You barely miss the giant newt. The giant gecko bites you.
The giant newt bites you.
KIIIITING; ATTACKING (-1,1)
You miss the giant newt. The giant gecko bites you.
The giant newt barely misses you. The giant gecko bites you.
KIIIITING; ATTACKING (-1,1)
You miss the giant newt. Your kick misses the giant newt.
The giant newt bites you but does no damage.
The giant gecko bites you.
KIIIITING; ATTACKING (-1,1)
You closely miss the giant newt.
You kick the giant newt, but do no damage.
The giant newt barely misses you. The giant gecko bites you.
KIIIITING; ATTACKING (-1,1)
You barely miss the giant newt. The giant newt barely misses you.
The giant gecko bites you.
You die...

#.#.#.#.#####..#..
.## ........# ##.#.#
# #.#.#.#.## #.#.##.#
.........#####......#
#.# #.#.#........####
.. ........##.###
#####...##.# #
#..#.### #....)c#
#...(ll# #......#
#......# ##.....#
#.....# #.......#
###.....# #.....#


You could see a giant gecko and a giant newt.

Table legend:
 A = Turns spent in this place as a percentage of turns spent in the entire game.
 B = Non-inter-level travel turns spent in this place as a percentage of non-inter-level travel turns spent in the entire game.
 C = Inter-level travel turns spent in this place as a percentage of turns spent in this place.
 D = Turns resting spent in this place as a percentage of non-inter-level travel turns spent in this place.
 E = Turns spent auto-exploring this place as a percentage of non-inter-level travel turns spent in this place.
 F = Non-inter-level travel turns spent in this place divided by the number of levels of this place that you've seen.
                   A       B       C       D       E      F
               +-------+-------+-------+-------+-------+----------------------
         Total | 100.0 | 100.0 |   0.0 |   3.4 |   7.3 | 102.5
       Dungeon |  94.6 |  94.6 |   0.0 |   3.6 |   7.2 | 194.0
         Abyss |   5.4 |   5.4 |   0.0 |   0.0 |   9.1 |  11.0
               +-------+-------+-------+-------+-------+----------------------

Table legend:
 A = Kills in this place as a percentage of kills in entire the game.
 B = Kills by you in this place as a percentage of kills by you in the entire game.
 C = Kills by friends in this place as a percentage of kills by friends in the entire game.
 D = Other kills in this place as a percentage of other kills in the entire game.
 E = Experience gained in this place as a percentage of experience gained in the entire game.
 F = Experience gained in this place divided by the number of levels of this place that you have seen.
                   A       B       C       D       E      F
               +-------+-------+-------+-------+-------+----------------------
         Total | 100.0 | 100.0 |  -nan |  -nan | 100.0 |   9.5
       Dungeon | 100.0 | 100.0 |  -nan |  -nan | 100.0 |  19.0
               +-------+-------+-------+-------+-------+----------------------

Vanquished Creatures
  A giant gecko (D:1)
  A giant cockroach (D:1)
  A hobgoblin (D:1)
  2 bats (D:1)
  2 giant newts (D:1)
  3 goblins (D:1)
  3 kobolds (D:1)
  2 rats (D:1)
15 creatures vanquished.

Notes
Turn   | Place    | Note
--------------------------------------------------------------
     0 | Abyss:1  | gw, the Centaur Abyssal Knight, began the quest for the Orb.
     0 | Abyss:1  | Reached XP level 1. HP: 19/19 MP: 1/1
    11 | D:1      | Escaped the Abyss
    64 | D:1      | Reached skill level 1 in Throwing
   112 | D:1      | Reached XP level 2. HP: 2/26 MP: 2/2
   547 | D:1      | Slain by a giant gecko

Action                   || total
-------------------------++-------
Melee: Spear             ||    34
Throw: Stone             ||     2

Vault maps used:
D:1:      eino_arrival_tree_alley, st_stairs_12, fountainhead
